AoeStats
← toniotomassi

Arena

508129412Analyzed
2v2 RM · 11d ago on Sep 21, 2026· 46m 30s· 4 players
Game mode
Random Map
Map size
Medium (4 player)
Population
200
Speed
Normal
Resources
Standard
Victory
Conquest
Starting age
Dark Age
Ending age
Imperial Age
RankedLock teamsTeams togetherTeam positionsShared explorationLock speedFull tech treeHidden civsTurbo modeCheats
Victory
Defeat
🇦🇷 Byzantines · Argentina
845
+15
🇦🇷 Goths · Argentina
830
+16
🇵🇪 Persians · Peru
838
-16
🇨🇴 Britons · Colombia
818
-15
Locomotion
6:57 Loom
9:22 Feudal Age
9:55 Double-Bit Axe
12:09 Horse Collar
20:25 Castle Age
19:11 Stone Mining
20:53 Bloodlines
21:00 Thumb Ring
25:17 Stone Shaft Mining
28:59 Bow Saw
30:54 Forging
31:09 Gold Mining
34:28 Crossbowman
37:07 Iron Casting
36:38 Scale Barding Armor
36:21 Elite Skirmisher
37:41 Scale Mail Armor
37:51 Scale Mail Armor
39:39 Town Watch
40:45 Chain Barding Armor
41:18 Heavy Plow
43:11 Wheelbarrow
42:37 Town Patrol
44:16 Hand Cart
45:00 Padded Archer Armor
44:50 Fletching
48:29 Imperial Age
JUGGERNAUT |
0:55 Loom
12:08 Feudal Age
13:24 Wheelbarrow
12:34 Town Watch
12:37 Double-Bit Axe
17:17 Horse Collar
22:48 Castle Age
20:58 Man-at-Arms
21:24 Arson
21:49 Stone Mining
23:13 Fletching
23:28 Padded Archer Armor
26:54 Bodkin Arrow
27:03 Scale Mail Armor
28:52 Murder Holes
29:19 Ballistics
29:07 Gambesons
30:10 Squires
31:07 Masonry
37:45 Imperial Age
37:37 Yeomen
37:44 Fortified Wall
37:16 Treadmill Crane
37:52 Fervor
38:11 Hand Cart
41:25 Leather Archer Armor
42:00 Bracer
42:49 Scale Barding Armor
43:15 Bow Saw
45:25 Chemistry
toniotomassi
0:27 Loom
11:59 Feudal Age
13:15 Wheelbarrow
15:22 Double-Bit Axe
19:44 Castle Age
20:40 Hand Cart
20:33 Stone Mining
20:28 Horse Collar
21:11 Squires
25:19 Gold Mining
25:43 Bow Saw
26:44 Town Watch
27:34 Heavy Plow
28:34 Anarchy
29:25 Forging
29:15 Scale Mail Armor
30:05 Town Patrol
31:17 Pikeman
37:06 Imperial Age
35:48 Iron Casting
35:28 Chain Mail Armor
37:49 Perfusion
38:11 Conscription
37:16 Capped Ram
39:18 Two-Man Saw
38:54 Crop Rotation
38:50 Halberdier
39:24 Elite Huskarl
Vagoneta3D
11:18 Feudal Age
11:41 Loom
13:31 Double-Bit Axe
19:26 Castle Age
17:43 Stone Mining
18:26 Horse Collar
19:53 Forging
24:24 Wheelbarrow
24:55 Bow Saw
25:11 Fletching
25:57 Iron Casting
25:30 Pikeman
26:13 Squires
25:38 Elite Skirmisher
27:46 Heavy Plow
28:59 Hand Cart
30:39 Bodkin Arrow
34:16 Imperial Age
31:53 Gold Mining
32:53 Fortified Wall
33:57 Ballistics
33:20 Treadmill Crane
33:36 Murder Holes
33:50 Thumb Ring
34:24 Padded Archer Armor
34:29 Scale Barding Armor
36:18 Chemistry
35:46 Scale Mail Armor
35:46 Bracer
35:48 Halberdier
36:18 Gambesons
37:35 Crop Rotation
37:52 Chain Mail Armor
43:42 Husbandry
43:02 Cavalier
43:04 Light Cavalry
Connection lost

Rejoining the realm…

Still unreachable

The connection could not be restored.

Session expired

The server has moved on; the page needs a fresh start.